[Event "ICCopen2017"]
[Site "Internet Chess Club"]
[Date "2017.04.02"]
[Round "7"]
[White "Eliezer"]
[Black "UnderArmour"]
[Result "0-1"]
[ICCResult "White forfeits on time"]
[WhiteElo "1559"]
[BlackElo "1944"]
[Opening "French: Steinitz attack"]
[ECO "C00"]
[NIC "FR.01"]
[Time "20:19:35"]
[TimeControl "180+0"]

1. e4 e6 2. e5 d5 3. exd6 Bxd6 4. g3 Nf6 5. Bg2 c6 6. Ne2 Nbd7 7. O-O O-O 8.
d4 e5 9. dxe5 Nxe5 10. c3 Bf5 11. Be3 Qd7 12. Nd2 Rad8 13. Nf3 Nxf3+ 14.
Bxf3 Bh3 15. Bg2 Bxg2 16. Kxg2 Qg4 17. Qe1 Qh5 18. Nf4 Bxf4 19. Bxf4 Rfe8
20. Qc1 Rd3 21. Be3 Ng4 22. Re1 Qxh2+ 23. Kf3 Qxf2+ 24. Kxg4 Rdxe3 25. Rxe3
Rxe3 26. Qg1 Re4+ 27. Kh3 Qf5+ 28. Kg2 Re2+ {White forfeits on time} 0-1

[Event "ICCopen2017"]
[Site "Internet Chess Club"]
[Date "2017.04.02"]
[Round "7"]
[White "Maxbet"]
[Black "Zloy17"]
[Result "1-0"]
[ICCResult "Black resigns"]
[WhiteElo "2682"]
[BlackElo "2017"]
[Opening "QGA: classical, 6...a6"]
[ECO "D27"]
[NIC "QG.07"]
[Time "20:20:11"]
[TimeControl "180+0"]

1. Nf3 d5 2. d4 Nf6 3. c4 c6 4. e3 e6 5. Bd3 dxc4 6. Bxc4 c5 7. O-O a6 8. b3
cxd4 9. Nxd4 Be7 10. Bb2 O-O 11. Be2 Bd7 12. Bf3 Qb6 13. Nd2 Rd8 14. Nc4 Qa7
15. Rc1 Nc6 16. Nxc6 Bxc6 17. Bd4 Bxf3 18. Qxf3 Bc5 19. Bxf6 gxf6 20. Qxf6
Rd5 21. Ne5 b6 22. Rc4 h5 23. Qg5+ Kf8 24. Qxh5 Bd6 25. Qh8+ Ke7 26. Nc6+
Kd7 27. Qf6 Bxh2+ 28. Kxh2 Qc7+ 29. Kg1 Rf5 30. Rd1+ Kc8 31. Ne7+
{Black resigns}
1-0

[Event "ICCopen2017"]
[Site "Internet Chess Club"]
[Date "2017.04.02"]
[Round "7"]
[White "Unbeliever"]
[Black "yijiqishi"]
[Result "1-0"]
[ICCResult "Black checkmated"]
[WhiteElo "1800"]
[BlackElo "1925"]
[Opening "Sicilian: Najdorf, Opocensky variation"]
[ECO "B92"]
[NIC "SI.10"]
[Time "20:18:42"]
[TimeControl "180+0"]

1. e4 c5 2. Nf3 d6 3. d4 cxd4 4. Nxd4 Nf6 5. Nc3 a6 6. Be2 e5 7. Nb3 Be6 8.
f4 Qc7 9. g4 Be7 10. g5 Nfd7 11. f5 Bc4 12. Bxc4 Qxc4 13. Nd2 Qc5 14. Nf3
Nb6 15. Qe2 N8d7 16. Be3 Qc4 17. Qd2 Rc8 18. O-O-O Qb4 19. Nd5 Nxd5 20. Qxd5
Nc5 21. f6 gxf6 22. gxf6 Na4 23. Qb3 Qxe4 24. Ng5 Rxc2+ 25. Qxc2 Qxe3+ 26.
Kb1 Bxf6 27. Qxa4+ b5 28. Qe4 Qxg5 29. Rhg1 Qf4 30. Qc6+ Kf8 31. Qxd6+ Be7
32. Qb8+ Bd8 33. Qxd8# {Black checkmated} 1-0

[Event "ICCopen2017"]
[Site "Internet Chess Club"]
[Date "2017.04.02"]
[Round "7"]
[White "playwaycool"]
[Black "sravanrenjith"]
[Result "1-0"]
[ICCResult "Black resigns"]
[WhiteElo "2193"]
[BlackElo "1689"]
[Opening "Trompowsky attack (Ruth, Opocenský opening)"]
[ECO "A45"]
[NIC "QP.07"]
[Time "20:19:43"]
[TimeControl "180+0"]

1. d4 Nf6 2. Bg5 e6 3. e4 Be7 4. Bd3 d5 5. e5 Nfd7 6. Bxe7 Qxe7 7. f4 c5 8.
Nf3 Nc6 9. c3 O-O 10. Bxh7+ Kxh7 11. Ng5+ Kg6 12. Qd3+ f5 13. Qh3 Nf6 14.
exf6 gxf6 15. Nf3 e5 16. O-O cxd4 17. Nh4+ Kf7 18. Nxf5 Bxf5 19. Qxf5 Qc5
20. b4 Qb6 21. fxe5 dxc3+ 22. Kh1 Nxe5 23. Qxe5 c2 24. Qxd5+ Qe6 25. Qxe6+
Kxe6 26. Na3 Rac8 27. Rac1 Rc3 28. Nxc2 Rfc8 29. Nd4+ Ke5 30. Rxc3 Rxc3 31.
Nf3+ Kf4 32. h4 Kg3 33. Nd2 Rc2 34. Ne4+ Kxh4 35. Rxf6 Rxa2 36. Rf7 Re2 37.
Rf4+ Kh5 38. Ng3+ Kg5 39. Nxe2 {Black resigns} 1-0

[Event "ICCopen2017"]
[Site "Internet Chess Club"]
[Date "2017.04.02"]
[Round "7"]
[White "ChessOptimist"]
[Black "Shech"]
[Result "0-1"]
[ICCResult "White resigns"]
[WhiteElo "2036"]
[BlackElo "2430"]
[Opening "Bird: From gambit"]
[ECO "A02"]
[NIC "VO.07"]
[Time "20:18:50"]
[TimeControl "180+0"]

1. f4 e5 2. d3 exf4 3. Bxf4 d5 4. g3 Bd6 5. Qd2 Nf6 6. Bg2 O-O 7. Nf3 c5 8.
O-O Nc6 9. Nc3 d4 10. Ne4 Nxe4 11. dxe4 f6 12. e3 Be7 13. Rad1 Bg4 14. exd4
Bxf3 15. Bxf3 Qxd4+ 16. Be3 Qxd2 17. Rxd2 Ne5 18. Be2 Rfd8 19. Rfd1 b6 20.
Bf4 Ng6 21. c3 Kf8 22. Bf3 Rxd2 23. Rxd2 Rd8 24. Rxd8+ Bxd8 25. Kf2 Ke7 26.
Be3 Ne5 27. Be2 g5 28. h4 h6 29. hxg5 hxg5 30. g4 Bc7 31. Ke1 Ng6 32. Kd2
Bf4 33. Bf3 Bxe3+ 34. Kxe3 Ke6 35. Be2 Ke5 36. b3 Nf4 37. Bf3 Ng6 38. Bd1
Kd6 39. Be2 Ne5 40. Bd1 Kc6 41. Be2 b5 42. Bd1 a5 43. Be2 b4 44. cxb4 axb4
45. Bd1 Kd6 46. Be2 Nc6 47. Kd3 Nd4 48. Bd1 Nc6 49. Kc4 Ne5+ 50. Kb5 Nd3 51.
Bc2 Nf2 52. Ka4 Nxg4 53. a3 bxa3 54. Kxa3 Ne5 55. b4 c4 56. Ka4 g4 57. b5 g3
{White resigns}
0-1

[Event "ICCopen2017"]
[Site "Internet Chess Club"]
[Date "2017.04.02"]
[Round "7"]
[White "rotyi59"]
[Black "hipopotamos"]
[Result "1-0"]
[ICCResult "Black checkmated"]
[WhiteElo "1566"]
[BlackElo "1188"]
[Opening "Ruy Lopez: old Steinitz defense"]
[ECO "C62"]
[NIC "RL.02"]
[Time "20:19:36"]
[TimeControl "180+0"]

1. e4 e5 2. Nf3 Nc6 3. Bb5 d6 4. d4 Bd7 5. d5 Na5 6. Bxd7+ Qxd7 7. O-O Nf6
8. Qe2 Qg4 9. b4 Nc6 10. dxc6 bxc6 11. Nc3 Be7 12. h3 Qg6 13. Bg5 Nh5 14.
Be3 c5 15. bxc5 dxc5 16. Nd5 Bd6 17. Qb5+ Kf8 18. Bxc5 Nf4 19. Bxd6+ cxd6
20. Nxf4 exf4 21. Qc6 Re8 22. e5 Re6 23. Qc8+ Re8 24. Qg4 Qxc2 25. exd6 Rd8
26. d7 h6 27. Rfe1 Kg8 28. Re8+ Rxe8 29. dxe8=Q+ Kh7 30. Qxh8+ Kxh8 31. Qxf4
Qb2 32. Re1 Qxa2 33. Re8+ Kh7 34. Qe4+ g6 35. Nh4 Kg7 36. Qe5+ Kh7 37. Qh8#
{Black checkmated}
1-0

[Event "ICCopen2017"]
[Site "Internet Chess Club"]
[Date "2017.04.02"]
[Round "7"]
[White "tenho"]
[Black "TaijiChess22"]
[Result "1-0"]
[ICCResult "Black checkmated"]
[WhiteElo "1963"]
[BlackElo "1776"]
[Opening "English, 1...Nf6 (Anglo-Indian defense)"]
[ECO "A15"]
[NIC "EO.64"]
[Time "20:18:40"]
[TimeControl "180+0"]

1. c4 Nf6 2. g3 g6 3. Bg2 Bg7 4. Nc3 O-O 5. Rb1 d6 6. b4 e5 7. d3 Nbd7 8.
Nf3 Nh5 9. Qb3 Kh8 10. O-O f5 11. a4 f4 12. Nd2 fxg3 13. hxg3 Nhf6 14. Ba3
Qe7 15. c5 Rf7 16. cxd6 cxd6 17. Nde4 Nxe4 18. Nxe4 Nf6 19. Ng5 Rf8 20. b5
Rb8 21. Qb4 Ne8 22. Ne4 Be6 23. Nxd6 Rf6 24. Nxb7 Qd7 25. Nc5 Qc8 26. Nxe6
Qxe6 27. Qb3 Qf5 28. Rbc1 h5 29. Qd5 h4 30. gxh4 Qg4 31. Be7 Rf4 32. Bg5
Rxa4 33. Rc6 Rb4 34. Rxg6 R4xb5 35. Qf7 R5b7 36. Qe6 Rb6 37. Qxg4 Rxg6 38.
Qh5+ Rh6 39. Bxh6 Bxh6 40. Qxh6+ Kg8 41. Bd5# {Black checkmated} 1-0

[Event "ICCopen2017"]
[Site "Internet Chess Club"]
[Date "2017.04.02"]
[Round "7"]
[White "Federicov"]
[Black "Sam08"]
[Result "1-0"]
[ICCResult "Black resigns"]
[WhiteElo "3068"]
[BlackElo "2489"]
[Opening "King's Indian: Makagonov system (5.h3)"]
[ECO "E71"]
[NIC "KI.30"]
[Time "20:19:40"]
[TimeControl "180+0"]

1. d4 Nf6 2. c4 g6 3. Nc3 Bg7 4. e4 d6 5. h3 O-O 6. Bg5 c5 7. d5 h6 8. Be3
e6 9. Qd2 Kh7 10. Bd3 exd5 11. exd5 Nbd7 12. Nf3 Re8 13. O-O Ne5 14. Nxe5
Rxe5 15. Bf4 Re7 16. Rfe1 a6 17. Bh2 Ne8 18. Rxe7 Qxe7 19. Re1 Qd8 20. Qf4
Kg8 21. Ne4 Bf5 22. b3 Bxe4 23. Qxe4 b5 24. Qe7 Bc3 25. Qxd8 Rxd8 26. Re7
bxc4 27. Bxc4 a5 28. a4 Ng7 29. g4 Ne8 30. Kg2 Nf6 31. Kf3 Kf8 32. Rb7 Be5
33. Bxe5 dxe5 34. d6 Rd7 35. Rxd7 Nxd7 36. Ke4 Ke8 37. Bb5 f6 38. Kd5 Kd8
39. Bxd7 Kxd7 40. Kxc5 f5 41. gxf5 gxf5 42. Kd5 e4 43. Ke5 h5 44. h4 Kc6 45.
Kxf5 Kxd6 46. Kxe4 {Black resigns} 1-0

[Event "ICCopen2017"]
[Site "Internet Chess Club"]
[Date "2017.04.02"]
[Round "7"]
[White "JUGGERNOT"]
[Black "BoldPlan"]
[Result "0-1"]
[ICCResult "White checkmated"]
[WhiteElo "1672"]
[BlackElo "1897"]
[Opening "Bird's opening"]
[ECO "A03"]
[NIC "VO.07"]
[Time "20:19:28"]
[TimeControl "180+0"]

1. f4 d5 2. Nf3 c5 3. e3 Nc6 4. Be2 Nh6 5. O-O Nf5 6. d3 h5 7. e4 dxe4 8.
dxe4 Qxd1 9. Bxd1 Nfd4 10. Nxd4 cxd4 11. f5 e6 12. fxe6 Bxe6 13. Bf4 O-O-O
14. Be2 Bd6 15. Bxd6 Rxd6 16. Na3 a6 17. b3 f6 18. Nc4 Bxc4 19. Bxc4 Re8 20.
Bd3 Ne5 21. Rf5 g6 22. Rf4 Kd7 23. Raf1 Ke7 24. h3 Rc8 25. R1f2 Rc3 26. Bf1
Rdc6 27. Kh1 Rxc2 28. Rxf6 Rxf6 29. Rxc2 Rxf1+ 30. Kh2 d3 31. Rd2 Rc1 32.
Kg3 Rc2 33. Rd1 d2 34. Kf4 Kf6 35. g4 hxg4 36. hxg4 Rxa2 37. g5+ Ke6 38. Ke3
b5 39. Rxd2 Rxd2 40. Kxd2 Nf3+ 41. Kc3 Nxg5 42. Kb4 Nxe4 43. Ka5 Nc5 44. b4
Nd3 45. Kxa6 Nxb4+ 46. Kxb5 Nd5 47. Kc4 Ke5 48. Kd3 Kf4 49. Ke2 Kg3 50. Kf1
g5 51. Kg1 g4 52. Kh1 Kf2 53. Kh2 g3+ 54. Kh3 g2 55. Kg4 g1=Q+ 56. Kf5 Ne3+
57. Ke4 Qg4+ 58. Ke5 Qf5+ 59. Kd4 Qd5+ 60. Kc3 Ke2 61. Kb4 Qc6 62. Kb3 Qc5
63. Kb2 Qc4 64. Ka3 Qb5 65. Ka2 Qb4 66. Ka1 Nc4 67. Ka2 Qb2# {White
checkmated} 0-1

[Event "ICCopen2017"]
[Site "Internet Chess Club"]
[Date "2017.04.02"]
[Round "7"]
[White "soyleyenda"]
[Black "tirandopiezas"]
[Result "0-1"]
[ICCResult "White resigns"]
[WhiteElo "1697"]
[BlackElo "2020"]
[Opening "Ruy Lopez: Anderssen variation"]
[ECO "C77"]
[NIC "RL.12"]
[Time "20:19:12"]
[TimeControl "180+0"]

1. e4 e5 2. Nf3 Nc6 3. Bb5 a6 4. Ba4 Nf6 5. d3 d6 6. O-O Bd7 7. c3 h6 8. h3
g6 9. Bc2 Bg7 10. Re1 O-O 11. d4 Kh8 12. Nbd2 Ng8 13. Nf1 Nce7 14. Ng3 c6
15. dxe5 dxe5 16. Qd6 Be6 17. Qxd8 Raxd8 18. Be3 Nc8 19. Rad1 Kh7 20. Bc5
Rfe8 21. a4 Nge7 22. a5 Bf6 23. Nh2 h5 24. Nf3 Kg7 25. Kf1 Bc4+ 26. Kg1 Ng8
27. b3 Be6 28. Ne2 Nh6 29. Nc1 g5 30. Nd3 g4 31. Nfxe5 gxh3 32. g3 Ng4 33.
Nxg4 hxg4 34. e5 Bg5 35. Nc1 Bd5 36. c4 Bf3 37. Rxd8 Rxd8 38. Nd3 Bd2 39.
Rf1 Bxa5 40. Nf4 Bb6 41. Bxb6 Nxb6 42. Nh5+ Kf8 43. Bf5 Nd7 44. Re1 Nc5 45.
Kh2 Rd2 46. Kg1 Nxb3 47. Nf4 Nd4 48. Be4 Bxe4 49. Rxe4 Nf3+ 50. Kf1 Rd1+ 51.
Ke2 Re1+ 52. Kd3 Rxe4 53. Kxe4 h2 54. Ne2 h1=Q {White resigns} 0-1

[Event "ICCopen2017"]
[Site "Internet Chess Club"]
[Date "2017.04.02"]
[Round "7"]
[White "Magagna"]
[Black "TZ700A"]
[Result "1-0"]
[ICCResult "Black resigns"]
[WhiteElo "1725"]
[BlackElo "1427"]
[Opening "Queen's bishop game"]
[ECO "D02"]
[NIC "QP.08"]
[Time "20:19:15"]
[TimeControl "180+0"]

1. d4 d5 2. Nf3 Nf6 3. Bf4 Bg4 4. h3 Bxf3 5. exf3 e6 6. c3 Bd6 7. Bxd6 Qxd6
8. Nd2 O-O 9. Bd3 Nc6 10. O-O e5 11. Re1 exd4 12. cxd4 Nxd4 13. Rc1 c5 14.
Nb3 Nxb3 15. axb3 d4 16. Rc4 b6 17. Be4 Nxe4 18. Rxe4 d3 19. Rc3 Rad8 20.
Re3 f5 21. Rexd3 Qc7 22. Qe2 Rxd3 23. Rxd3 Rd8 24. Qe6+ Kh8 25. Qxf5 Rxd3
26. Qxd3 a5 27. Qb5 h6 28. Kf1 Qd6 29. Qe8+ Kh7 30. Qe4+ Kg8 31. Qc4+ Kh7
32. Qc2+ Kg8 33. Ke2 Qe5+ 34. Kd2 Qd4+ 35. Kc1 b5 36. Qd2 Qxd2+ 37. Kxd2 Kf7
38. Ke3 Kf6 39. Ke4 Ke6 40. f4 g6 41. g4 c4 42. bxc4 bxc4 43. Kd4 h5 44.
Kxc4 hxg4 45. hxg4 {Black resigns} 1-0

[Event "ICCopen2017"]
[Site "Internet Chess Club"]
[Date "2017.04.02"]
[Round "7"]
[White "sacov"]
[Black "uptonjr"]
[Result "1-0"]
[ICCResult "Black forfeits on time"]
[WhiteElo "2191"]
[BlackElo "1766"]
[Opening "King's Indian, 3.Nf3"]
[ECO "E61"]
[NIC "QP.06"]
[Time "20:19:37"]
[TimeControl "180+0"]

1. d4 Nf6 2. Nf3 g6 3. c4 Bg7 4. Nc3 O-O 5. Bg5 d6 6. e3 h6 7. Bh4 c5 8. Be2
Nc6 9. d5 Ne5 10. Nxe5 dxe5 11. Qc2 a6 12. O-O Bf5 13. e4 Bd7 14. Rad1 Qc7
15. h3 b5 16. cxb5 axb5 17. Bxb5 Bxb5 18. Nxb5 Qb6 19. a4 g5 20. Bg3 Nh5 21.
d6 exd6 22. Rxd6 Qa5 23. b3 Rad8 24. Qxc5 Rxd6 25. Qxd6 Rd8 26. Qc6 Qd2 27.
Qc4 Nf4 28. Bxf4 exf4 29. b4 f3 30. gxf3 Qf4 31. Kg2 Be5 32. Rh1 Rd2 33.
Qc8+ Kg7 34. Qg4 Qe3 35. Rf1 Qb3 36. Qf5 Bf4 37. h4 {Black forfeits on time}
1-0

[Event "ICCopen2017"]
[Site "Internet Chess Club"]
[Date "2017.04.02"]
[Round "7"]
[White "devotional"]
[Black "DreadHead"]
[Result "1-0"]
[ICCResult "Black resigns"]
[WhiteElo "2155"]
[BlackElo "2439"]
[Opening "Robatsch (modern) defense"]
[ECO "B06"]
[NIC "KF.05"]
[Time "20:19:59"]
[TimeControl "180+0"]

1. e4 g6 2. d4 Bg7 3. h4 d5 4. e5 h5 5. Nf3 Bg4 6. c3 c5 7. dxc5 Nc6 8. e6
Bxe6 9. Nd4 Nxd4 10. cxd4 Nf6 11. Nc3 a6 12. Qa4+ Qd7 13. Bb5 axb5 14. Qxa8+
Qd8 15. Qxd8+ Kxd8 16. Nxb5 Ne4 17. Be3 Bd7 18. Nc3 Nxc3 19. bxc3 Bb5 20.
Kd2 Kc7 21. Rhb1 Bc6 22. a4 e5 23. a5 f5 24. g3 Rf8 25. dxe5 Bxe5 26. Bf4
Bxf4+ 27. gxf4 Re8 28. Re1 Rd8 29. Re7+ Kb8 30. Ke3 Ka7 31. a6 {Black
resigns} 1-0

[Event "ICCopen2017"]
[Site "Internet Chess Club"]
[Date "2017.04.02"]
[Round "7"]
[White "BillietheKid"]
[Black "FlashGordon"]
[Result "1-0"]
[ICCResult "Black forfeits on time"]
[WhiteElo "1431"]
[BlackElo "1140"]
[Opening "Sicilian: accelerated fianchetto, modern variation"]
[ECO "B34"]
[NIC "SI.33"]
[Time "20:19:52"]
[TimeControl "180+0"]

1. e4 c5 2. Nf3 Nc6 3. d4 cxd4 4. Nxd4 g6 5. Nc3 Bg7 6. Be3 Nf6 7. f3 O-O 8.
Qd2 d5 9. Nxc6 bxc6 10. exd5 Nxd5 11. Nxd5 cxd5 12. Bh6 Bxh6 13. Qxh6 e5 14.
Bd3 f5 15. O-O Qa5 16. c3 Rb8 17. b4 Qb6+ 18. Kh1 Ba6 19. Bxa6 Qxa6 20. Qd2
e4 21. Qxd5+ Kg7 22. fxe4 f4 23. Qd4+ {Black forfeits on time} 1-0

[Event "ICCopen2017"]
[Site "Internet Chess Club"]
[Date "2017.04.02"]
[Round "7"]
[White "Kruger"]
[Black "Ataraxia"]
[Result "0-1"]
[ICCResult "White resigns"]
[WhiteElo "1697"]
[BlackElo "1911"]
[Opening "Old Indian defense"]
[ECO "E61"]
[NIC "KI.76"]
[Time "20:18:52"]
[TimeControl "180+0"]

1. d4 Nf6 2. c4 d6 3. Nf3 g6 4. Nc3 Bg7 5. Bf4 O-O 6. e3 c5 7. Be2 Qb6 8.
Rb1 Nc6 9. d5 Na5 10. O-O Bf5 11. Bd3 Bxd3 12. Qxd3 Qb4 13. b3 a6 14. Nd2
Nh5 15. Ne2 b5 16. Bg5 Rfe8 17. g4 Nf6 18. h3 Rab8 19. a3 Qxa3 20. cxb5 axb5
21. e4 Qb4 22. Be3 c4 23. bxc4 bxc4 24. Qc2 Nb3 25. Nxc4 Rbc8 26. Qxb3 Qxb3
27. Rxb3 Rxc4 28. Rfb1 Nxe4 29. Rb8 Rcc8 30. R1b2 Bxb2 31. Rxc8 Rxc8
{White resigns}
0-1

[Event "ICCopen2017"]
[Site "Internet Chess Club"]
[Date "2017.04.02"]
[Round "7"]
[White "croder"]
[Black "HighGround"]
[Result "1-0"]
[ICCResult "Black resigns"]
[WhiteElo "1592"]
[BlackElo "1330"]
[Opening "KP: Indian opening"]
[ECO "C20"]
[NIC "KP.10"]
[Time "20:20:08"]
[TimeControl "180+0"]

1. e4 e5 2. d3 Nc6 3. Nc3 Bc5 4. Nf3 Nf6 5. Be3 Bb4 6. a3 Bxc3+ 7. bxc3 O-O
8. Be2 d6 9. O-O Bg4 10. Qd2 Ne7 11. Ne1 Bxe2 12. Qxe2 a6 13. f3 Nh5 14. d4
Nf4 15. Bxf4 exf4 16. Nd3 Ng6 17. Qd2 Qg5 18. Rab1 b6 19. Nb4 a5 20. Nd5
Rac8 21. g3 c6 22. Nxb6 Rb8 23. Nc4 Rxb1 24. Rxb1 Nh4 25. Qg2 fxg3 26. hxg3
Qg6 27. Nxa5 c5 28. d5 Qg5 29. Qf2 Ng6 30. Kf1 Ra8 31. Nc6 Rxa3 32. Rb8+ Nf8
33. Kg2 Rxc3 34. Qe2 Qc1 35. Ne7+ {Black resigns} 1-0

[Event "ICCopen2017"]
[Site "Internet Chess Club"]
[Date "2017.04.02"]
[Round "7"]
[White "Machinegun"]
[Black "arsam"]
[Result "1-0"]
[ICCResult "Black forfeits on time"]
[WhiteElo "2453"]
[BlackElo "2610"]
[Opening "Sicilian: dragon, Levenfish variation"]
[ECO "B71"]
[NIC "SI.15"]
[Time "20:18:40"]
[TimeControl "180+0"]

1. e4 c5 2. Nf3 d6 3. d4 cxd4 4. Nxd4 Nf6 5. Nc3 g6 6. f4 Nc6 7. Bb5 Bd7 8.
Nf3 a6 9. Bc4 Bg7 10. O-O O-O 11. Re1 Rc8 12. h3 Nh5 13. Kh2 Na5 14. Bb3 Nc4
15. Rb1 b5 16. a4 Bc6 17. axb5 axb5 18. Qd3 Kh8 19. Bxc4 bxc4 20. Qxc4 f5
21. Qd3 fxe4 22. Nxe4 Nxf4 23. Bxf4 Rxf4 24. Neg5 Qd7 25. Ne6 Rxf3 26. gxf3
Be5+ 27. f4 Qxe6 28. fxe5 dxe5 29. Qg3 e4 30. Re3 Qd5 31. Rf1 Kg8 32. Rf2
Ra8 33. Qf4 Qe6 34. b3 Qd5 35. c4 Qd4 36. Kg3 Kg7 37. h4 Kh8 38. Rfe2 Kg8
39. Rxe4 Bxe4 40. Qxe4 Qd6+ 41. Qe5 Qd3+ 42. Re3 Qd2 43. Qe6+ Kh8 44. Qxe7
h6 45. Qe5+ Kh7 46. Qe7+ Kg8 47. Rf3 Qd4 48. Qf7+ Kh8 49. Qf6+ Qxf6 50. Rxf6
Kg7 51. Rb6 Ra1 52. c5 Rc1 53. c6 Kf6 54. b4 Kf5 55. b5 Rc3+ 56. Kf2 Kg4 57.
Rb7 Rc2+ 58. Ke3 Kxh4 59. Rg7 g5 60. c7 g4 61. b6 g3 62. b7 g2 63. c8=Q
{Black forfeits on time}
1-0

[Event "ICCopen2017"]
[Site "Internet Chess Club"]
[Date "2017.04.02"]
[Round "7"]
[White "JimboPi"]
[Black "billzen"]
[Result "1-0"]
[ICCResult "Black forfeits on time"]
[WhiteElo "1554"]
[BlackElo "1013"]
[Opening "French: Paulsen variation"]
[ECO "C10"]
[NIC "FR.04"]
[Time "20:19:24"]
[TimeControl "180+0"]

1. d4 d5 2. e4 e6 3. Nc3 c6 4. Bd3 Bb4 5. exd5 cxd5 6. Nf3 Bxc3+ 7. bxc3 Qa5
8. Bd2 Qc7 9. O-O Nf6 10. Bg5 Nbd7 11. Re1 Qxc3 12. h3 O-O 13. Qe2 Ne8 14.
Be7 f6 15. Bxf8 Nxf8 16. Rab1 Qa3 17. c4 Qa5 18. cxd5 Qxd5 19. Bc4 Qf5 20.
Rb3 Bd7 21. Rxb7 Rd8 22. Rxa7 Nd6 23. Bb3 Nb5 24. Ra5 Rb8 25. a4 Nxd4 26.
Nxd4 Qxa5 27. Bxe6+ Bxe6 28. Nxe6 Re8 29. Qg4 Qxe1+ 30. Kh2 Qxe6 31. Qb4
Qe5+ 32. g3 Ne6 33. a5 Ra8 34. Qb3 Kf7 35. Qb7+ {Black forfeits on time} 1-0

[Event "ICCopen2017"]
[Site "Internet Chess Club"]
[Date "2017.04.02"]
[Round "7"]
[White "Shafkat"]
[Black "ComplexZeta"]
[Result "1-0"]
[ICCResult "Black resigns"]
[WhiteElo "1622"]
[BlackElo "1822"]
[Opening "French: advance, Euwe variation"]
[ECO "C02"]
[NIC "FR.03"]
[Time "20:19:16"]
[TimeControl "180+0"]

1. e4 e6 2. d4 d5 3. e5 c5 4. c3 Nc6 5. Nf3 Bd7 6. dxc5 Qc7 7. b4 Nxe5 8.
Nxe5 Qxe5+ 9. Qe2 Qxe2+ 10. Bxe2 Nf6 11. O-O Be7 12. Be3 O-O 13. Nd2 Rfe8
14. Nb3 e5 15. Rfe1 Ng4 16. Bxg4 Bxg4 17. f3 Bf5 18. Rad1 Rad8 19. a4 Bf6
20. Rc1 h6 21. b5 Bd3 22. Red1 Bg6 23. Na5 Rd7 24. c6 bxc6 25. Nxc6 Ra8 26.
a5 Bd8 27. Nxd8 Raxd8 28. b6 axb6 29. Bxb6 Rc8 30. c4 d4 31. c5 d3 32. c6
Rd6 33. c7 Bf5 34. Rd2 f6 35. Rb1 Kf7 36. a6 Ra8 37. a7 Bc8 38. Bc5 Ra6 39.
Rb8 Ra1+ 40. Kf2 R8xa7 41. Bxa7 Rxa7 42. Rxc8 Kg6 43. Rxd3 Kf5 44. Rd2 h5
45. Rc2 {Black resigns} 1-0

[Event "ICCopen2017"]
[Site "Internet Chess Club"]
[Date "2017.04.02"]
[Round "7"]
[White "Ajolote"]
[Black "Seraphim"]
[Result "1-0"]
[ICCResult "Black forfeits on time"]
[WhiteElo "1550"]
[BlackElo "1810"]
[Opening "Sicilian: closed"]
[ECO "B23"]
[NIC "SI.44"]
[Time "20:18:39"]
[TimeControl "180+0"]

1. e4 c5 2. Nc3 e6 3. g3 Ne7 4. Bg2 d5 5. Nge2 dxe4 6. Nxe4 Nf5 7. O-O h5 8.
d3 Nc6 9. N2c3 Be7 10. Bd2 Bd7 11. Be3 Nxe3 12. fxe3 Ne5 13. d4 cxd4 14.
exd4 Ng4 15. Qf3 f5 16. h3 Qb6 17. hxg4 hxg4 18. Qe3 fxe4 19. Bxe4 O-O-O 20.
Rf7 Bf6 21. Rd1 Bc6 22. Bxc6 Qxc6 23. Qe4 Qxe4 24. Nxe4 Bxd4+ 25. Kg2 Bxb2
26. Rb1 Rd4 27. Nf2 Rb4 28. Nd3 Re4 29. Rxb2 Re2+ 30. Nf2 b6 31. Rxa7 Rd8
32. Ra8+ {Black forfeits on time} 1-0

[Event "ICCopen2017"]
[Site "Internet Chess Club"]
[Date "2017.04.02"]
[Round "7"]
[White "gannikus1992"]
[Black "anitak"]
[Result "1-0"]
[ICCResult "Black resigns"]
[WhiteElo "2466"]
[BlackElo "2083"]
[Opening "Caro-Kann: advance variation"]
[ECO "B12"]
[NIC "CK.04"]
[Time "20:19:08"]
[TimeControl "180+0"]

1. e4 c6 2. d4 d5 3. e5 Bf5 4. Nf3 e6 5. Be2 c5 6. Be3 Qb6 7. Nc3 c4 8. O-O
Nc6 9. b3 cxb3 10. axb3 Bb4 11. Na4 Qd8 12. c3 Ba5 13. b4 Bc7 14. Nc5 Qc8
15. Nh4 Bg6 16. Nxg6 hxg6 17. Bb5 Ne7 18. g4 a6 19. Ba4 Bb6 20. Kg2 Bxc5 21.
bxc5 Qc7 22. Rb1 Rb8 23. h3 f6 24. exf6 gxf6 25. f4 Kf7 26. Bc2 Rh7 27. Rf3
Rbh8 28. Qe2 Na5 29. Re1 Nc4 30. Bc1 Qc8 31. Bd3 Na5 32. f5 gxf5 33. gxf5 e5
34. dxe5 fxe5 35. Qxe5 Nac6 36. Qe6+ Kf8 37. f6 Qxe6 38. Rxe6 Nc8 39. Bxh7
Rxh7 40. f7 N8e7 41. Bh6+ {Black resigns} 1-0

[Event "ICCopen2017"]
[Site "Internet Chess Club"]
[Date "2017.04.02"]
[Round "7"]
[White "Ecalevol123"]
[Black "arshavin2015"]
[Result "1/2-1/2"]
[ICCResult "Game drawn because neither player has mating material"]
[WhiteElo "1719"]
[BlackElo "1965"]
[Opening "Robatsch (modern) defense"]
[ECO "A40"]
[NIC "KF.05"]
[Time "20:19:32"]
[TimeControl "180+0"]

1. d4 g6 2. e4 Bg7 3. Nf3 c5 4. c3 cxd4 5. cxd4 d5 6. Nc3 dxe4 7. Nxe4 Nf6
8. Nxf6+ Bxf6 9. Bc4 O-O 10. O-O Nc6 11. d5 Na5 12. Bb3 b6 13. Bd2 Nxb3 14.
Qxb3 Bb7 15. Bh6 Bxd5 16. Qd1 Bg7 17. Bxg7 Kxg7 18. Qe2 Bxf3 19. Qxf3 Qd2
20. Rab1 Rfd8 21. h3 Qd5 22. Qxd5 Rxd5 23. Rfd1 Rad8 24. Rxd5 Rxd5 25. Rc1
Rd2 26. Rc7 Rxb2 27. Rxa7 e6 28. Rb7 Rb1+ 29. Kh2 Rb2 30. Kg3 Rxa2 31. Rxb6
Ra3+ 32. f3 Kf6 33. Rb8 h5 34. Rb5 Ra1 35. h4 Rd1 36. Ra5 Rd5 37. Ra6 Ke5
38. Ra4 f5 39. Ra8 Kf6 40. Rf8+ Ke7 41. Ra8 Rd7 42. Ra6 Kf6 43. Ra5 g5 44.
hxg5+ Kxg5 45. Ra1 h4+ 46. Kh3 Rd3 47. Ra4 Rd1 48. Kh2 e5 49. Ra5 Kf4 50.
Ra8 e4 51. fxe4 fxe4 52. Rf8+ Ke3 53. Kh3 Rg1 54. Rg8 Ke2 55. Kxh4 e3 56. g4
Ke1 57. Re8 e2 58. g5 Rh1+ 59. Kg4 Rh2 60. Kf5 Rf2+ 61. Kg6 Kf1 62. Kh7 Rh2+
63. Kg7 e1=Q 64. Rxe1+ Kxe1 65. g6 Kf2 66. Kf8 Ke3 67. g7 Rf2+ 68. Ke7 Rg2
69. Kf7 Rf2+ 70. Ke7 Rg2 71. Kf7 Kf4 72. g8=Q Rxg8 73. Kxg8
{Game drawn because neither player has mating material}
1/2-1/2

[Event "ICCopen2017"]
[Site "Internet Chess Club"]
[Date "2017.04.02"]
[Round "7"]
[White "Peaceful-Death"]
[Black "TudoracheM"]
[Result "1-0"]
[ICCResult "Black checkmated"]
[WhiteElo "1952"]
[BlackElo "1688"]
[Opening "King's Indian, 3.Nf3"]
[ECO "E61"]
[NIC "KI.76"]
[Time "20:20:00"]
[TimeControl "180+0"]

1. d4 Nf6 2. Nf3 g6 3. c4 Bg7 4. Nc3 d6 5. e3 O-O 6. d5 e6 7. Bd3 exd5 8.
cxd5 Nbd7 9. O-O Ng4 10. h3 Nge5 11. Nxe5 Nxe5 12. Bc2 f5 13. e4 fxe4 14.
Bxe4 Bf5 15. Bxf5 Rxf5 16. Re1 Qd7 17. f4 Nc4 18. Qe2 Nb6 19. Qd3 Re8 20.
Bd2 Rff8 21. a4 a6 22. a5 Nc8 23. Qc4 Ne7 24. Re6 Nf5 25. Rae1 Nd4 26. R1e4
Nxe6 27. dxe6 Qe7 28. Nd5 Qh4 29. e7 Rf7 30. Be1 Qh6 31. Nxc7 Be5 32. Nxe8
Bxf4 33. Nxd6 Bxd6 34. e8=Q+ Kg7 35. Qexf7+ Kh8 36. Qg8# {Black checkmated}
1-0